 Dungeon Crawl Stone Soup version bcrawl-1.37.1 (webtiles) character file.

Game seed: 5994949216551493449

170989 Morbidden the Sneak (level 5, -3/30 HPs)
             Began as a Skeleton Archaeologist on Oct 23, 2022.
             Killed by divine providence
             ... invoked by an orc priest
              (8 damage)
             ... on level 3 of the Dungeon.
             The game lasted 00:03:10 (1789 turns).

Morbidden the Sneak (Skeleton Archaeologist)        Turns: 1789, Time: 00:03:10

Health: -3/30      AC:  6    Str: 17      XL:     5   Next: 3%
Magic:  0/7        EV: 12    Int: 14      God:
Gold:   170        SH:  0    Dex:  5 (7)  Spells: 7/7 levels left

rFire    . . .     GDR:     18% a - +0 short sword (venom)
rCold    + . .     SeeInvis .   (no shield)
rNeg     + + +     Gourm    .   c - +1 robe
rPois    ∞         Faith    .   d - +1 hat
rElec    .         Spirit   +   (no cloak)
rCorr    .         Reflect  .   (no gloves)
MR       .....                  e - +1 pair of boots
Stlth    ++........             (no amulet)
HPRegen  0.15/turn              (no ring)
MPRegen  0.10/turn              (no ring)

@: no status effects
A: no food or potions, cold resistance 1, deterioration 1, negative energy
resistance 3, torment resistance, unbreathing, magic shield, sturdy frame 1,
spell healing
a: no special abilities


You were on level 3 of the Dungeon.
You were not hungry.

You visited 1 branch of the dungeon, and saw 3 of its levels.

You collected 170 gold pieces.

Inventory:

Hand Weapons
 a - a +0 short sword of venom (weapon)
 b - a +0 blowgun
 h - a +0 antimagic demon trident
Missiles
 f - 6 curare-tipped needles
 q - 49 poisoned tomahawks (quivered)
Armour
 c - a +1 robe (worn)
 d - a +1 hat (worn)
 e - a +1 pair of boots (worn)
Scrolls
 g - 2 scrolls of magic mapping
 i - 2 scrolls of identify
 j - 2 scrolls of noise {unknown}
 k - a scroll of teleportation {unknown}
 l - a scroll of enchant armour {unknown}
 m - a scroll of immolation {unknown}
 n - 2 scrolls of remove curse {unknown}
 o - 3 scrolls of fog {unknown}


   Skills:
 * Level 1.6 Fighting
 + Level 2.0 Short Blades
   Level 1.4 Maces & Flails
 * Level 0.1 Polearms
 * Level 1.7 Armour
 * Level 4.0 Dodging
 + Level 4.3 Stealth
 * Level 1.7 Spellcasting


You had 7 spell levels left.
You didn't know any spells.
Your spell library was empty.

Dungeon Overview and Level Annotations

Branches:
Dungeon (3/12)

Altars:
Hepliaklqana


Innate Abilities, Weirdness & Mutations

You do not eat or drink.
You are immune to poison.
Your flesh is cold resistant. (rC+)
Your body sometimes deteriorates upon taking damage.
You are immune to negative energy. (rN+++)
You are immune to unholy pain and torment.
You can survive without breathing.
When hurt, damage is shared between your health and your magic reserves.
Your movements are slightly less encumbered by armour. (ER -2)
Casting spells heals you.


Message History

Your body deteriorates!
You feel clumsy. The orc hits you with a +0 flail.
You are too injured to fight recklessly!
You are too injured to fight recklessly!
You are too injured to fight recklessly!
No path to travel!
No path to travel!
The adder bites you but does no damage.
You feel a bit more experienced.
The orc priest calls down the wrath of Beogh upon you.
Beogh smites you!
* * * LOW HITPOINT WARNING * * *
The adder barely misses you.
You see here an adder corpse.
You see here an adder corpse.
There is a stone staircase leading down here.
The adder misses you. The orc misses you.
The orc priest mumbles some strange prayers to Beogh against you.
Beogh smites you!
You die...

###### #....# #.##.#
#.##.##### #####
#.##.....# #...#
##.######.######.#.#####
.†..............@#......
#..##..........Soh.....#
#..##.####..............
#.)##............)......
#.......#.............##
#.####....#####o...####
........#######.####
..###.........#o# ..#
#..######.#.###


You could see an adder, an orc priest, 2 orcs and a jackal.

Vanquished Creatures
  5 adders
  An ooze (D:3)
  A worm (D:3)
  3 dart slugs (D:1)
  7 leopard geckos
  6 orcs (D:3)
  4 giant cockroaches (D:2)
  A goblin (D:3)
  6 hobgoblins
  9 jackals
  A quokka (D:2)
  A ball python (D:2)
  5 bats
  3 frilled lizards
  10 kobolds
  5 rats
68 creatures vanquished.

Notes
Turn   | Place    | Note
-------+----------+-------------------------------------------
     0 | D:1      | Morbidden the Skeleton Archaeologist began the quest for
                  | the Orb.
     0 | D:1      | Reached XP level 1. HP: 12/12 MP: 1/1
    95 | D:1      | Reached XP level 2. HP: 16/16 MP: 2/2
   392 | D:1      | Reached skill level 1 in Spellcasting
   561 | D:2      | Reached XP level 3. HP: 20/20 MP: 4/4
   708 | D:2      | Reached skill level 1 in Armour
   908 | D:2      | Reached skill level 1 in Short Blades
  1079 | D:2      | Reached XP level 4. HP: 25/25 MP: 4/6
  1464 | D:3      | Found a hazy altar of Hepliaklqana.
  1680 | D:3      | Reached XP level 5. HP: 30/30 MP: 5/7
  1680 | D:3      | Identified a scroll of acquirement
  1684 | D:3      | Identified the ring "Cutuj" {Ice rElec Int+2 Dex+2} (You
                  | acquired it on level 3 of the Dungeon)
  1789 | D:3      | Killed from afar by an orc priest

Skill      XL: |  1  2  3  4 |
---------------+-------------+-----
Spellcasting   | 1 |  1.7
Stealth        | 4 |  4.3
Armour         | 1 |  1.7
Short Blades   | 1 2 |  2.0
Dodging        | 4 |  4.0
Fighting       | |  1.6
Maces & Flails | |  1.4
Polearms       | |  0.1

Action                   |  1- 3 |  4- 6 || total
-------------------------+-------+-------++-------
Melee: Short sword       |   124 |   104 ||   228
       Whip              |     3 |       ||     3
Throw: Tomahawk          |       |     1 ||     1
  Use: Scroll            |     1 |     2 ||     3
 Stab: Sleeping          |     9 |     2 ||    11
Armor: Robe              |    40 |    52 ||    92
Dodge: Dodged            |    80 |    88 ||   168
